 Dungeon Crawl Stone Soup version 0.25-a0-110-ge29c8f2358 (webtiles) character file.

Game seed: 8900010358807213279, levelgen mode: deterministic

17368 Gargoyl the Cleaver (level 12, -4/101 HPs)
             Began as a Centaur Abyssal Knight on Nov 19, 2019.
             Was a High Priest of Lugonu.
             Slain by cosh's ghost (19 damage)
             ... on level 2 of the Lair of Beasts.
             The game lasted 00:23:36 (14951 turns).

Gargoyl the Cleaver (Centaur Abyssal Knight)       Turns: 14951, Time: 00:23:37

Health: -4/101     AC: 16    Str: 26    XL:     12   Next: 18%
Magic:  18/18      EV: 10    Int: 11    God:    Lugonu [*****.]
Gold:   754        SH:  0    Dex: 10    Spells: 11/11 levels left

rFire    + . .     SeeInvis .   q - +8 scimitar of Irritation {venom, rF+ Str+3}
rCold    . . .     Gourm    .   (no shield)
rNeg     + . .     Faith    .   C - +1 scale mail {rPois}
rPois    +         Spirit   .   (no helmet)
rElec    .         Reflect  .   b - +2 cloak
rCorr    .         Harm     .   p - +2 pair of gloves
MR       .....                  (no barding)
Stlth    ..........             l - amulet of regeneration
HPRegen  0.66/turn              i - ring of positive energy
MPRegen  0.16/turn              r - +4 ring of strength

@: very quick
A: large, hooves 3, deformed body, speed 2, tough skin 3
a: Depart the Abyss, Bend Space, Banish, Corrupt, Enter the Abyss, Renounce
Religion


You were on level 2 of the Lair of Beasts.
You worshipped Lugonu.
Lugonu was extremely pleased with you.
You were hungry.

You visited 2 branches of the dungeon, and saw 12 of its levels.
You visited the Abyss 1 time.
You also visited: Ossuary.

You collected 804 gold pieces.
You spent 50 gold pieces at shops.

Inventory:

Hand Weapons
 a - a +2 hand axe
 e - a +3 broad axe
 q - the +8 scimitar of Irritation (weapon) {venom, rF+ Str+3}
   (You found it on level 10 of the Dungeon)

   It poisons the flesh of those it strikes.
   It affects your strength (+3).
   It protects you from fire.
Missiles
 m - 16 boomerangs (quivered)
Armour
 b - a +2 cloak (worn)
 p - a +2 pair of gloves (worn)
 C - a +1 scale mail of poison resistance (worn)
Jewellery
 d - an uncursed ring of flight
 i - a ring of positive energy (left hand)
 k - an uncursed ring of protection from fire
 l - an amulet of regeneration (around neck)
 r - a +4 ring of strength (right hand)
 y - an uncursed ring of protection from cold
 D - an uncursed ring of resist corrosion
Wands
 h - a wand of scattershot (3)
 v - a wand of polymorph (17)
 E - a wand of paralysis (14)
 F - a wand of enslavement (9)
Scrolls
 f - 7 scrolls of remove curse
 j - 5 scrolls of teleportation
 s - 2 scrolls of fear
 A - 4 scrolls of identify
Potions
 g - a potion of curing
 n - a potion of magic
 o - a potion of berserk rage
 t - 4 potions of lignification
 u - a potion of agility
 w - a potion of haste
 x - 4 potions of might
 z - 2 potions of flight
 B - a potion of invisibility
 H - 2 potions of cancellation {unknown}
Miscellaneous
 G - a lightning rod (inert)
Comestibles
 c - 29 rations


   Skills:
 + Level 7.8 Fighting
 + Level 4.4 Long Blades
 + Level 9.4 Axes
 + Level 2.0 Throwing
 * Level 8.4 Armour
 * Level 5.8 Dodging
 * Level 8.5 Invocations


You had 11 spell levels left.
You didn't know any spells.
Your spell library contained the following spells:

 Spells                   Type           Power        Failure   Level  Hunger
 Magic Dart               Conj           #...         58%         1    ##.....
 Blink                    Tloc           N/A          73%         2    ###....
 Call Imp                 Summ           #.......     73%         2    ###....
 Searing Ray              Conj           #.....       73%         2    ###....
 Slow                     Hex            #.......     73%         2    ###....
 Conjure Flame            Conj/Fire      #.......     91%         3    ####...
 Dazzling Spray           Conj/Hex       #.....       91%         3    ####...
 Mephitic Cloud           Conj/Pois/Air  #.......     91%         3    ####...
 Force Lance              Conj/Tloc      #.......     100%        4    #####..
 Fulminant Prism          Conj/Hex       #.........   100%        4    #####..
 Iskenderun's Mystic Bla  Conj           #.......     100%        4    #####..


Dungeon Overview and Level Annotations

Branches:
Dungeon (10/15)            Temple (0/1) D:5            Lair (2/6) D:10
 Spider (0/4) Lair:2          Orc (0/2) D:10        Ossuary (visited)
  Swamp: Lair:2-4    Shoals: Lair:2-4

Altars:
Ashenzari
Elyvilon
Hepliaklqana
Kikubaaqudgha
Uskayaw
Xom
Yredelemnul

Shops:
D:9 !

Annotations:
D:3 1 runed translucent door, anet's ghost, amateur HaWz
Lair:2 cosh's ghost, journeyman TrMo


Innate Abilities, Weirdness & Mutations

You have hooves in place of feet.
Armour fits poorly on your strangely shaped body.
You cover ground very quickly.
You have extremely tough skin. (AC +3)


Message History

Aiming: Scattershot
Press: ? - help, Shift-Dir - straight line, f/p - cosh's ghost
Aim: cosh's ghost (almost destroyed)
The burst of metal fragments hits cosh's ghost but does no damage. x2
Cosh's ghost is almost destroyed.
Cosh's ghost hits you!
* * * LOW HITPOINT WARNING * * *
Aiming: Scattershot
Press: ? - help, Shift-Dir - straight line, f/p - cosh's ghost
Aim: cosh's ghost (almost destroyed)
The burst of metal fragments hits cosh's ghost but does no damage. x4
Cosh's ghost is almost destroyed.
Cosh's ghost hits you but does no damage.
Aiming: Scattershot
Press: ? - help, Shift-Dir - straight line, f/p - cosh's ghost
Aim: cosh's ghost (almost destroyed)
The burst of metal fragments hits cosh's ghost but does no damage. x3
Cosh's ghost is almost destroyed.
Cosh's ghost hits you!!
You die...

##.##..########P###
##..##.#..##..####
##.#............##
#.....#########..#
#....##.......##.##
#....#8.......8#..##
###..#.........#...#
#...#.........#..###
#..@#....©....#©....
#..W#.........#..###
######...#.........#..#
##P#.##...#8.......8#..#
##.........##......©##.P#
#P.P........#########..##
###........#......†....P#
####P#.##.##..###.###.######
##.....#######.# ### ###


You could see cosh's ghost.

Vanquished Creatures
  Harold (D:10)
  A two-headed ogre (D:10)
  A wolf spider (Lair:2)
  A guardian serpent (D:10)
  3 black mambas
  3 spiny frogs
  Psyche (D:10)
  A rime drake (Lair:2)
  5 komodo dragons
  A troll (D:10)
  Grinder (D:3)
  3 hippogriffs
  A wyvern (D:10)
  4 yaks (Lair:2)
  Eustachio (D:5)
  Grum (D:10)
  Menkaure (D:4)
  2 vampire mosquitoes (D:10)
  Edmund (D:5)
  2 porcupines (Lair:1)
  3 water moccasins
  3 orc warriors
  A swamp drake (D:10)
  3 sky beasts
  2 ice beasts
  An eye of draining (Abyss:1)
  A black bear (D:7)
  6 ogres
  2 centaurs
  11 wolves
  6 crocodiles
  A big kobold (D:10)
  10 bullfrogs
  4 elf zombies (Ossuary)
  2 wyvern skeletons
  6 scorpions
  8 wights
  4 howler monkeys
  3 crimson imps
  5 centaur zombies
  A bullfrog zombie (D:9)
  5 centaur skeletons
  4 human zombies (Ossuary)
  A jelly (D:10)
  6 orc wizards
  5 orc priests
  3 bullfrog skeletons
  3 hounds
  Jessica (D:3)
  3 iguanas
  2 worker ants (D:4)
  7 hell rats (Lair:2)
  A hound zombie (D:10)
  A hound skeleton (D:10)
  3 mummies (Ossuary)
  A worker ant zombie (D:6)
  12 gnolls
  12 adders
  2 shadow imps (D:6)
  An ooze (D:6)
  2 adder zombies
  2 adder skeletons
  4 worms (D:3)
  A dart slug (D:3)
  3 leopard geckos
  35 orcs
  6 giant cockroaches
  13 goblins
  9 hobgoblins
  11 jackals
  9 quokkas
  7 ball pythons
  7 bats
  7 frilled lizards
  13 kobolds
  2 quokka skeletons
  A quokka zombie (D:9)
  5 rats
  2 rat zombies (D:8)
330 creatures vanquished.

Vanquished Creatures (others)
  A hydra (Lair:2)
  A two-headed ogre (D:10)
  A black mamba (Lair:1)
  A spiny frog (Lair:1)
  A komodo dragon (D:10)
  2 fungi (Lair:2)
  A plant (Lair:2)
  4 starspawn tentacles (Abyss:1)
12 creatures vanquished.

Grand Total: 342 creatures vanquished

Notes
Turn   | Place    | Note
-------+----------+-------------------------------------------
     0 | Abyss:1  | Gargoyl the Centaur Abyssal Knight began the quest for the
                  | Orb.
     0 | Abyss:1  | Reached XP level 1. HP: 19/19 MP: 2/2
    14 | Abyss:1  | Noticed a jelly
    58 | Abyss:1  | Noticed an eye of draining
    69 | Abyss:1  | Killed an eye of draining
    69 | Abyss:1  | Reached skill level 2 in Axes
    69 | Abyss:1  | Reached XP level 2. HP: 27/27 MP: 0/3
    69 | Abyss:1  | Reached XP level 3. HP: 33/33 MP: 0/4
    69 | Abyss:1  | Reached XP level 4. HP: 40/40 MP: 0/5
   118 | Abyss:1  | Noticed a chaos spawn
   119 | Abyss:1  | Noticed a chaos spawn
   120 | Abyss:1  | Noticed a chaos spawn
   120 | Abyss:1  | Noticed a chaos spawn
   131 | Abyss:1  | Noticed a tentacled starspawn
   179 | Abyss:1  | Noticed a large abomination
   194 | Abyss:1  | Noticed a thrashing horror
   245 | Abyss:1  | Noticed a great orb of eyes
   247 | D:1      | Escaped the Abyss
  1013 | D:2      | Found a hide-covered altar of Uskayaw.
  1016 | D:2      | Noticed a +0 hand axe
  1016 | D:2      | Noticed a +0 hand axe
  1285 | D:2      | Reached skill level 1 in Dodging
  1285 | D:2      | Reached XP level 5. HP: 40/47 MP: 6/6
  1716 | D:2      | Reached * piety under Lugonu
  2552 | D:3      | Reached skill level 3 in Axes
  2552 | D:3      | Reached XP level 6. HP: 53/53 MP: 8/8
  2660 | D:3      | Found a runed translucent door.
  2661 | D:3      | Noticed anet's ghost (amateur HaWz)
  3102 | D:3      | Noticed Grinder
  3111 | D:3      | Paralysed by Grinder for 7 turns
  3125 | D:3      | Paralysed by Grinder for 6 turns
  3143 | D:3      | Killed Grinder
  3366 | D:3      | Noticed Jessica
  3370 | D:3      | Killed Jessica
  3370 | D:3      | Reached XP level 7. HP: 60/60 MP: 9/9
  3441 | D:4      | Reached ** piety under Lugonu
  3985 | D:4      | Reached skill level 4 in Axes
  4324 | D:4      | Noticed Menkaure
  4332 | D:4      | Killed Menkaure
  4633 | D:4      | Found a shimmering altar of Xom.
  4633 | D:4      | Found a hazy altar of Hepliaklqana.
  4635 | D:4      | Found an ancient bone altar of Kikubaaqudgha.
  4774 | D:5      | Entered Level 5 of the Dungeon
  4848 | D:5      | Noticed Eustachio
  4876 | D:5      | Killed Eustachio
  4876 | D:5      | Reached skill level 5 in Fighting
  4876 | D:5      | Reached XP level 8. HP: 26/68 MP: 9/11
  5311 | D:5      | Reached *** piety under Lugonu
  5504 | D:5      | Reached skill level 5 in Axes
  5652 | D:5      | Found a staircase to the Ecumenical Temple.
  6040 | D:5      | Noticed Edmund
  6071 | D:5      | Killed Edmund
  6071 | D:5      | Reached skill level 5 in Armour
  6606 | D:5      | Reached skill level 5 in Invocations
  6799 | D:6      | Reached XP level 9. HP: 71/74 MP: 12/12
  7060 | D:6      | Found a shattered altar of Ashenzari.
  7171 | D:6      | Reached skill level 6 in Axes
  7598 | D:7      | Found a basalt altar of Yredelemnul.
  8189 | D:7      | Reached **** piety under Lugonu
  8814 | D:7      | Found a white marble altar of Elyvilon.
  8898 | D:7      | Got an ominously black robe
  8909 | D:7      | Identified the +1 robe "Abloh" {Int+3} (You found it on
                  | level 7 of the Dungeon)
  9096 | D:8      | Found a sand-covered staircase.
  9103 | Ossuary  | Entered an ossuary
  9227 | Ossuary  | Reached XP level 10. HP: 74/84 MP: 14/14
  9337 | Ossuary  | Reached skill level 7 in Axes
  9535 | D:8      | You fall into a shaft and drop 1 floor!
  9579 | D:9      | Found Muczust's Distillery.
  9824 | D:9      | Bought a potion of heal wounds for 50 gold pieces
 10395 | D:10     | Entered Level 10 of the Dungeon
 10607 | D:10     | Reached skill level 8 in Axes
 10635 | D:10     | Noticed a two-headed ogre
 10700 | D:10     | Reached skill level 1 in Throwing
 10820 | D:10     | Banished a two-headed ogre
 11156 | D:10     | Found a staircase to the Orcish Mines.
 11157 | D:10     | Noticed Grum
 11442 | D:10     | Killed Grum
 11521 | D:10     | Noticed Harold
 11522 | D:10     | Noticed Psyche
 11531 | D:10     | Noticed a two-headed ogre
 11544 | D:10     | Paralysed by Harold for 7 turns
 11552 | D:10     | HP: 3/84 [two-headed ogre/+0 giant club (2)]
 11826 | D:10     | Reached ***** piety under Lugonu
 11829 | D:10     | Reached XP level 11. HP: 73/92 MP: 16/16
 11869 | D:10     | Found a staircase to the Lair.
 12251 | D:10     | Killed a two-headed ogre
 12258 | D:10     | Killed Harold
 12258 | D:10     | Reached skill level 9 in Axes
 12281 | D:10     | Killed Psyche
 12433 | D:10     | Reached skill level 5 in Dodging
 12496 | D:10     | Got a shimmering scimitar
 12501 | D:10     | Identified the +8 scimitar of Irritation {venom, rF+ Str+3}
                  | (You found it on level 10 of the Dungeon)
 12644 | Lair:1   | Entered Level 1 of the Lair of Beasts
 12708 | Lair:1   | HP: 2/92 [black mamba (9)]
 13038 | Lair:1   | Reached skill level 1 in Long Blades
 13571 | Lair:1   | Noticed a four-headed hydra
 13572 | Lair:1   | Banished a four-headed hydra
 13747 | Lair:2   | Noticed a seven-headed hydra
 13748 | Lair:2   | Banished a seven-headed hydra
 14096 | Lair:2   | Reached XP level 12. HP: 45/101 MP: 18/18
 14342 | Lair:2   | Found a hole to the Spider Nest.
 14505 | Lair:2   | Found a transporter.
 14505 | Lair:2   | Noticed cosh's ghost (journeyman TrMo)
 14508 | Lair:2   | Found a transporter.
 14951 | Lair:2   | Slain by cosh's ghost

Levels and vault maps discovered:
D:1:      minmay_arrival_three_doors, layout_loops_cross
D:2:      layout_rooms, dancing_weapons_uskayaw
D:3:      layout_loops_corners, ebering_ghost_reflecting_pool, uniq_jessica,
          uniq_grinder
D:4:      layout_basic, grunt_temple_overflow_open, kennysheep_generic_room_13,
          uniq_menkaure
D:5:      layout_gridville, temple_doors_ab, first_ration, minmay_ogre_servants,
          uniq_eustachio, uniq_edmund
D:6:      layout_loops_ring, basic_altar, minmay_misc_feat_rows
D:7:      minmay_thinvault, layout_rooms, kennysheep_ying_yang,
          minmay_misc_feat_iff
D:8:      layout_basic, enter_ossuary_4
D:9:      layout_roguey, serial_shops, nicolae_shop_stone, grunt_ogre_cave
D:10:     layout_long_grid, erik_lair_dragon, david_orc_3,
          nrook_guardian_serpent_ordinary, uniq_harold, uniq_psyche, uniq_grum
Lair:1:   layout_gridlike, beast_lair_carwin_1, serial_bayou_shore_a,
          infiniplex_staircase_pool_2
Lair:2:   layout_loops_ring, spider_nest_entry_rubble, gammafunk_ghost_arena

Skill      XL: |  1  2  3  4  5  6  7  8  9 10 11 12 |
---------------+-------------------------------------+-----
Fighting       | 4 5 6 7 |  7.8
Axes           | 2 3 4 5 6 8 9 |  9.4
Armour         | 2 3 4 5 6 7 8 |  8.4
Dodging        | 1 2 3 4 5 |  5.8
Invocations    | 3 4 5 7 8 |  8.5
Throwing       | 1 2 |  2.0
Long Blades    | 3 4 |  4.4

Action                   |  1- 3 |  4- 6 |  7- 9 | 10-12 || total
-------------------------+-------+-------+-------+-------++-------
Melee: Hand axe          |     8 |   213 |   515 |       ||   736
       Kick              |     5 |    38 |   163 |   144 ||   350
       Broad axe         |       |       |    98 |   286 ||   384
       Scimitar          |       |       |       |   158 ||   158
Throw: Boomerang         |       |       |    15 |    26 ||    41
Invok: Depart the Abyss  |       |     1 |       |       ||     1
       Banish            |       |       |       |     7 ||     7
       Bend Space        |       |       |       |     1 ||     1
Evoke: Lightning rod     |       |       |       |     4 ||     4
       Wand              |       |       |       |     3 ||     3
  Use: Potion            |     1 |     2 |     2 |     4 ||     9
       Scroll            |       |     7 |    10 |    15 ||    32
  Eat: Chunk             |       |     6 |    16 |    15 ||    37
       Ration            |       |       |       |     1 ||     1
Armor: Leather armour    |       |    18 |       |       ||    18
       Chain mail        |       |   131 |   464 |    49 ||   644
       Scale mail        |       |       |       |   241 ||   241
Dodge: Dodged            |       |    55 |   180 |   229 ||   464
       Rpst.: Scimitar   |       |       |       |    28 ||    28

Table legend:
 A = Non-vault XP
 B = Vault XP
 C = Vault XP percentage of total XP
 D = Non-vault monster count
 E = Vault monster count
 F = Vault count percentage of total count
                 A         B        C        D         E       F
            +---------+---------+-------+---------+---------+-------
      Total |   16852 |    7960 |  32.1 |     263 |      73 |  21.7
            +---------+---------+-------+---------+---------+-------
        D:1 |      31 |       0 |   0.0 |      12 |       0 |   0.0
        D:2 |     140 |       0 |   0.0 |      23 |       0 |   0.0
        D:3 |     158 |     291 |  64.8 |      34 |       2 |   5.6
        D:4 |     482 |     175 |  26.6 |      25 |       1 |   3.8
        D:5 |     823 |     502 |  37.9 |      30 |      11 |  26.8
        D:6 |    1303 |     132 |   9.2 |      28 |       1 |   3.4
        D:7 |     390 |     573 |  59.5 |      14 |      12 |  46.2
        D:8 |     206 |       2 |   1.0 |       5 |       2 |  28.6
        D:9 |     584 |     121 |  17.2 |       5 |       1 |  16.7
       D:10 |    4075 |    3696 |  47.6 |      46 |      19 |  29.2
     Lair:1 |    4702 |     778 |  14.2 |      19 |       7 |  26.9
     Lair:2 |    3829 |     903 |  19.1 |      21 |       2 |   8.7
    Abyss:1 |     129 |       0 |   0.0 |       1 |       0 |   0.0
    Ossuary |       0 |     787 | 100.0 |       0 |      15 | 100.0
            +---------+---------+-------+---------+---------+-------
